 Dungeon Crawl Stone Soup version 0.21-a0-95-g06f091e (webtiles) character file.

2846395 kuniqs the Ecstatic (level 27, 150/150 HPs)
             Began as a Vine Stalker Berserker on July 4, 2017.
             Was a Follower of Uskayaw.
             Escaped with the Orb
             ... and 4 runes!
             The game lasted 02:10:32 (51012 turns).

kuniqs the Ecstatic (Vine Stalker Berserker)       Turns: 51012, Time: 02:10:33

Health: 150/150    AC: 33    Str: 28      XL:     27
Magic:  40/40      EV: 23    Int:  3 (5)  God:    Uskayaw [*.....]
Gold:   5293       SH: 33    Dex: 24      Spells: 26/26 levels left

rFire    + + .     SeeInvis .   W - +9 rapier of Dung {elec, rElec rC++}
rCold    + . .     Gourm    .   o - +4 large shield
rNeg     + + +     Faith    .   E - +8 fire dragon scales
rPois    +         Spirit   +   G - +3 helmet of Experimentation {Regen+}
rElec    +         Reflect  +   B - scarf {repulsion}
rCorr    .         Harm     .   H - +0 pair of gloves of Submission {rN+++ Regen+ Str+2 Stlth-}
MR       +++++     Clarity  +   w - +2 pair of boots of the Assassin {Detection Stab+ Stlth++}
Stlth    ++........             V - +6 amulet of reflection
HPRegen  1.95/turn              j - ring of the Secret Beds {Dex+3 Slay+3}
MPRegen  0.27/turn              Q - ring of poison resistance

@: repel missiles
A: fangs 3, slimy green scales 1, blink, clarity, deterioration 1, dopey 1,
magic resistance 2, regeneration 2, screaming 1, magic shield, antimagic bite,
no potion heal 3, rot immunity
0: Orb of Zot
}: 4/15 runes: decaying, serpentine, slimy, silver
a: Blink, Stomp, Renounce Religion


You escaped.
You worshipped Uskayaw.
Uskayaw was extremely pleased with you.
You were not hungry.

You visited 10 branches of the dungeon, and saw 52 of its levels.
You visited 1 ziggurat, and saw 7 of its levels.

You collected 7208 gold pieces.
You spent 1915 gold pieces at shops.

Inventory:

Hand Weapons
 W - the +9 rapier of Dung (weapon) {elec, rElec rC++}
   (You bought it in a shop on level 1 of the Orcish Mines)

   Occasionally, upon striking a foe, it will discharge some electrical energy
   and cause terrible harm.
   It greatly protects you from cold.
   It insulates you from electricity.
Missiles
 y - 3 throwing nets (quivered)
Armour
 o - a +4 large shield (worn)
 w - the +2 pair of boots of the Assassin (worn) {Detection Stab+ Stlth++}
   (You acquired it on level 6 of the Lair of Beasts)

   It makes you much more stealthy.
 B - a scarf of repulsion (worn)
 E - +8 fire dragon scales (worn)
 G - the +3 helmet of Experimentation (worn) {Regen+}
   (You found it on level 5 of the Depths)

   It increases your rate of regeneration.
 H - the +0 pair of gloves of Submission (worn) {rN+++ Regen+ Str+2 Stlth-}
   (You bought it in a shop on level 2 of the Orcish Mines)

   It affects your strength (+2).
   It renders you almost immune to negative energy.
   It increases your rate of regeneration.
   It makes you less stealthy.
Jewellery
 j - the ring of the Secret Beds (left hand) {Dex+3 Slay+3}
   (You acquired it on level 6 of the Lair of Beasts)

   [ring of dexterity]

   It affects your dexterity (+3).
   It affects your accuracy and damage with ranged weapons and melee attacks
   (+3).
 Q - a ring of poison resistance (right hand)
 S - an uncursed ring of resist corrosion
 V - a +6 amulet of reflection (around neck)
Wands
 s - a wand of acid (7/15)
 u - a wand of confusion (22/48)
 M - a wand of paralysis (3/24)
 O - a wand of scattershot (1/9)
 P - a wand of digging (0/24)
 R - a wand of clouds (5/9)
Scrolls
 b - a scroll of blinking
 c - 23 scrolls of remove curse {@r2}
 k - a scroll of immolation
 p - 3 scrolls of fog
 r - a scroll of silence
 t - 4 scrolls of fear
 v - 7 scrolls of recharging
 x - 7 scrolls of teleportation
 I - 7 scrolls of identify {@r1}
 X - 3 scrolls of holy word
Potions
 a - a potion of haste
 g - 3 potions of lignification
 h - 8 potions of flight
 i - 3 potions of cancellation
 l - a potion of invisibility
 q - 10 potions of curing {@q1}
 z - 2 potions of resistance
 C - 2 potions of might
 D - 7 potions of mutation
 T - 3 potions of berserk rage
 Z - 4 potions of agility
Miscellaneous
 m - a fan of gales
 U - 4 sacks of spiders
Comestibles
 d - 35 bread rations
 e - 18 meat rations
 f - a fruit
 A - 27 royal jellies


   Skills:
 + Level 17.2 Fighting
 - Level 14.0 Short Blades
 + Level 16.0 Armour
 + Level 15.9 Dodging
 - Level 14.0 Stealth
 + Level 16.8 Shields
 - Level 24.7 Invocations


You had 26 spell levels left.
You didn't know any spells.

Dungeon Overview and Level Annotations

Branches:
Dungeon (15/15)            Temple (1/1) D:6            Lair (6/6) D:9
  Swamp (4/4) Lair:2        Snake (4/4) Lair:4        Slime (5/5) Lair:6
    Orc (2/2) D:11            Elf (0/3) Orc:2        Vaults (5/5) D:13
  Crypt (0/3) Vaults:2     Depths (5/5) D:15            Zot (5/5) Depths:5

Altars:
Ashenzari
Cheibriados
Dithmenos
Elyvilon
Fedhas
Gozag
Hepliaklqana
Kikubaaqudgha
Makhleb
Nemelex Xobeh
Okawaru
Qazlal
Ru
Sif Muna
Trog
Uskayaw
Vehumet
Wu Jian
Xom
Yredelemnul
Zin
The Shining One
Beogh
Jiyva

Shops:
Orc:1 [[(   Orc:2 ([*=   Snake:1 !   Snake:4 (   Depths:5 ?

Portals:
Hell: Depths:1 Depths:2 Depths:3 Depths:4 Depths:5
Abyss: Depths:2 Depths:3
Pandemonium: Depths:3


Innate Abilities, Weirdness & Mutations

You have razor-sharp teeth.
You heal very quickly.
When hurt, damage is shared between your health and your magic reserves.
Your bite disrupts and absorbs the magic of your enemies.
Potions cannot restore your health.
You are immune to rotting.
You are partially covered in slimy green scales. (AC +2)
You can translocate small distances at will.
You possess an exceptional clarity of mind.
Your body sometimes deteriorates upon taking damage.
You are dopey. (Int -2)
You are highly resistant to hostile enchantments. (MR++)
You occasionally shout uncontrollably at your foes.


Message History

You puncture the red devil!
Lightning courses through the red devil!
You kill the red devil!
No target in view!
No target in view!
There is a stone staircase leading down here.
There is an escape hatch in the ceiling here.
A mysterious force pulls you upwards. The hatch slams shut behind you.
A white imp comes into view.
You see here a dagger.
The white imp gestures at you.
The puff of frost reflects off an invisible shield around you!
The puff of frost hits the white imp.
The white imp resists.
The white imp gestures at you.
The puff of frost is repelled.
The white imp gestures at you.
The puff of frost reflects off an invisible shield around you!
The puff of frost hits the white imp.
The white imp resists.
There is a staircase leading out of the dungeon here.
You have escaped!

#.......########.### #.#
##.#.#...# #.......# #.#
...#.#...###......[# ###.#
####)..............# #...######
.....##............# #.#.##...#
.....###########...#####.####.###
.(...#P#P#P#P#P###.##....#....#
####....[........#..#.####.######
#.........5..@#....# #.....).
#.............#..############.
###P#P#P#P#P###...รท...# #.
########### #.#####.#### ##
#.#........# #..........#
###.###....# #.#.# #....#####
#...###.........


You could see a white imp.

Vanquished Creatures
  the Royal Jelly (Slime:5)
  A pandemonium lord (D:6)
  Mara (Depths:4)
  3 orbs of fire (Zot:5)
  2 ancient liches (Zot:5)
  A greater mummy (Depths:5)
  Bai Suzhen (Depths:1)
  Vashnia (Snake:4)
  Saint Roka (Snake:3)
  2 curse toes (Zot:5)
  Frederick (Depths:4)
  Margery (Depths:5)
  3 Killer Klowns (Zot:5)
  A caustic shrike (shapeshifter) (Depths:2)
  Nikola (Depths:1)
  A bone dragon (Vaults:1)
  6 golden dragons
  3 liches
  2 electric golems (Zot:5)
  23 Orb Guardians
  7 tentacled monstrosities
  Asterion (Snake:4)
  5 quicksilver dragons
  4 titans
  Gastronok (D:11)
  A death cob (Zot:5)
  An acid blob (shapeshifter) (Depths:4)
  14 acid blobs
  An eldritch tentacle (Vaults:1)
  8 sphinxes
  7 tengu reavers
  Roxanne (Swamp:2)
  3 thorn hunters (Swamp:4)
  7 nagarajas
  6 shadow dragons
  8 azure jellies
  7 storm dragons
  5 fire giants
  8 frost giants
  4 draconian monks
  2 draconian knights
  2 frost giants (shapeshifter)
  An orc warlord (Orc:2)
  2 iron dragons (Vaults:5)
  5 draconian shifters
  3 deep elf sorcerers
  2 ghost moths
  16 vault wardens
  4 draconian scorchers
  4 draconian stormcallers
  Aizul (Swamp:3)
  20 ironheart preservers
  A deep elf elementalist (Vaults:5)
  29 very ugly things
  A reaper (Depths:3)
  2 draconian annihilators
  A stone giant (shapeshifter) (Vaults:5)
  A juggernaut skeleton (Vaults:1)
  2 entropy weavers (Vaults:3)
  38 stone giants
  4 war gargoyles
  A vampire knight (Vaults:2)
  3 deep elf demonologists
  5 red draconians
  2 deep elf annihilators (Vaults:5)
  8 black draconians
  9 green draconians
  A dire elephant (Lair:2)
  2 dire elephants (shapeshifter) (Depths:4)
  4 purple draconians
  Azrael (Orc:2)
  3 yellow draconians
  4 spark wasps (Depths:3)
  3 deep elf death magi
  2 white draconians
  7 ettins
  Snorg (D:12)
  6 death oozes (Depths:1)
  13 crystal guardians
  4 small abominations (Vaults:1)
  2 merfolk impalers
  A minotaur (shapeshifter) (Depths:4)
  7 fire dragons
  14 yaktaur captains
  16 ice dragons
  14 great orbs of eyes
  3 deep elf high priests (Vaults:5)
  A catoblepas (shapeshifter) (Depths:4)
  4 rakshasas
  16 naga warriors
  6 hydras
  4 anacondas
  32 vault guards
  7 spriggan air magi
  A hell beast (Depths:1)
  8 centaur warriors
  17 ogre magi
  6 ghost crabs
  A death knight (D:11)
  3 catoblepae (Lair:6)
  A merfolk aquamancer (Zig:6)
  A satyr (shapeshifter) (Depths:2)
  18 dancing weapons
  10 alligators
  47 two-headed ogres
  13 deep troll shamans
  8 death yaks (Lair:6)
  4 orc high priests (Orc:2)
  A tengu warrior (Depths:2)
  9 deep troll earth magi
  7 spriggan berserkers
  A thrashing horror (Zig:4)
  2 soul eaters
  A vampire mage (Vaults:2)
  8 hell knights
  A wretched star (Zig:4)
  12 shock serpents
  Sonja (Lair:1)
  A sun demon (Depths:3)
  27 naga sharpshooters
  Nergalle (D:11)
  5 deep elf knights
  2 fire crabs (shapeshifter)
  7 iron trolls
  A salamander mystic (Snake:4)
  A fire crab (Vaults:1)
  3 sea snakes
  6 shadow wraiths
  A death drake (Vaults:1)
  2 flayed ghosts
  A storm dragon skeleton (Zig:1)
  7 skeletal warriors
  44 deep trolls
  A quicksilver dragon simulacrum (Vaults:1)
  A golden dragon skeleton (Vaults:1)
  9 glowing orange brains
  A spriggan druid (Swamp:2)
  2 deep elf archers (Vaults:4)
  A gelid demonspawn (Depths:3)
  A shambling mangrove (Swamp:1)
  2 obsidian statues (Depths:4)
  Pikel (D:6)
  6 naga ritualists
  2 unseen horrors
  2 lindwurms
  4 wizards
  7 necromancers
  16 orc knights
  4 phantasmal warriors (Vaults:5)
  A harpy (Vaults:1)
  A shadow dragon zombie (Vaults:4)
  17 deep elf magi
  55 ugly things
  20 ironbrand convokers
  4 manticores
  5 wolf spiders
  An orb spider (Zig:5)
  8 orc sorcerers
  A shining eye (shapeshifter) (Depths:4)
  5 mana vipers
  13 cyclopes
  10 elephants
  2 shining eyes (Slime:1)
  2 worldbinders (Vaults:1)
  8 salamanders
  2 moths of wrath (Zot:5)
  29 black mambas
  3 guardian serpents
  A human skeleton (Vaults:4)
  A rust devil (Depths:1)
  15 vault sentinels
  A moth of wrath (shapeshifter) (Zig:3)
  A water nymph (Zig:6)
  Maurice (Orc:2)
  6 molten gargoyles
  An eye of devastation (shapeshifter) (Vaults:5)
  A storm dragon simulacrum (Vaults:1)
  27 naga magi
  9 orange demons
  A smoke demon (Depths:5)
  5 spectral swamp worms (Depths:3)
  3 gargoyles (Depths:4)
  14 spiny frogs
  15 rime drakes
  12 freezing wraiths
  2 guardian mummies (Zig:7)
  A spiny frog (shapeshifter) (Depths:4)
  31 yaktaurs
  2 kobold demonologists (D:13)
  An ice devil (D:6)
  10 komodo dragons
  A hellwing (Depths:3)
  An elf skeleton (Vaults:1)
  A yaktaur (shapeshifter) (Depths:3)
  2 tengu conjurers (Depths:5)
  4 red devils
  An ancient zyme (Zig:4)
  6 trolls
  A polar bear (shapeshifter) (Vaults:4)
  A queen bee (D:13)
  3 meliai (D:13)
  5 tyrant leeches
  A jumping spider (shapeshifter) (Depths:1)
  10 hornets
  Prince Ribbit (D:5)
  8 hippogriffs
  14 polar bears
  5 raiju
  A jumping spider (Vaults:3)
  A harpy skeleton (D:14)
  9 blink frogs
  9 bog bodies
  55 slime creatures
  A frost giant simulacrum (Vaults:4)
  A dream sheep (Lair:2)
  4 tarantellas
  13 air elementals
  An ettin skeleton (Vaults:4)
  5 shadows
  2 tarantellas (shapeshifter) (Depths:4)
  4 wyverns
  Eustachio (D:4)
  6 redbacks
  46 yaks
  3 spriggans
  18 water elementals
  2 ynoxinuls
  A basilisk (shapeshifter) (Vaults:4)
  3 basilisks
  A spriggan simulacrum (Vaults:1)
  A yak (shapeshifter) (Depths:2)
  A wraith (D:12)
  Grum (D:11)
  A chaos spawn (Zig:4)
  9 fire elementals
  4 hungry ghosts
  A golden eye (Zig:4)
  7 vampire mosquitoes
  3 steam dragons (Lair:6)
  5 swamp worm simulacra (Swamp:4)
  A golden eye (shapeshifter) (Vaults:5)
  A swamp worm (shapeshifter) (Depths:4)
  25 swamp worms
  7 wargs
  46 nagas
  Edmund (D:4)
  2 spatial vortices (Vaults:1)
  13 hydra simulacra (Swamp:4)
  A soldier ant (shapeshifter) (Vaults:4)
  6 hell hounds
  13 insubstantial wisps
  17 water moccasins
  5 porcupines
  A floating eye (Depths:3)
  3 acid dragons
  A porcupine (shapeshifter) (Vaults:2)
  4 swamp drakes
  A sky beast (D:10)
  A slave (D:6)
  Duvessa (D:5)
  48 orc warriors
  16 black bears
  5 ice beasts
  8 necrophages
  A tengu (shapeshifter) (Depths:4)
  An eye of draining (Slime:2)
  24 centaurs
  An ogre (shapeshifter) (Vaults:4)
  48 ogres
  4 phantoms
  18 wolves
  9 boggarts
  An eye of draining (shapeshifter) (Depths:4)
  A centaur (shapeshifter) (Vaults:4)
  12 crocodiles
  A human zombie (Vaults:4)
  3 big kobolds
  18 bullfrogs
  A wyvern zombie (D:9)
  6 earth elementals (Depths:4)
  Dowan (D:5)
  3 scorpions
  3 troll zombies (D:11)
  34 killer bees
  8 wights
  An electric eel (Snake:2)
  A howler monkey (D:7)
  The ghost of p0werm0de the Conjurer, a weakling DsWz (D:3)
  3 crimson imps
  A bullfrog zombie (D:12)
  2 lava snakes (Vaults:1)
  16 orc priests
  2 quasits
  4 centaur zombies
  3 hounds
  2 human simulacra
  3 bullfrog skeletons
  7 jellies
  3 centaur skeletons
  An iron imp (Depths:2)
  Ijyb (D:4)
  6 hell rats (Lair:5)
  2 iguanas
  27 orc wizards
  9 worker ants
  3 ogre zombies (D:11)
  A hound zombie (D:9)
  2 hound skeletons
  3 mummies
  2 worker ant zombies
  A howler monkey skeleton (D:9)
  6 gnolls
  9 adders
  8 shadow imps
  An ufetubus (D:13)
  7 oozes
  3 swamp drake simulacra (Swamp:4)
  2 adder skeletons (D:5)
  12 worms
  3 ball lightnings (Depths:4)
  2 dart slugs
  3 leopard geckos
  87 orcs
  6 ball pythons
  4 giant cockroaches
  6 hobgoblins
  2 jackals (D:8)
  6 quokkas
  7 bats
  4 frilled lizards
  10 goblins
  A goblin skeleton (D:11)
  A goblin zombie (D:11)
  A hobgoblin skeleton (D:11)
  A hobgoblin zombie (D:11)
  A jackal skeleton (D:5)
  23 kobolds
  4 orc skeletons (D:11)
  11 orc zombies (D:11)
  2 quokka skeletons
  5 rats
  3 briar patches (Swamp:4)
  A crawling corpse (Vaults:1)
2259 creatures vanquished.

Vanquished Creatures (collateral kills)
  An orc warlord (D:11)
  Fannar (Lair:1)
  A naga warrior (Snake:2)
  2 death yaks (Lair:6)
  2 shock serpents (Snake:3)
  A skeletal warrior (D:12)
  A lindwurm (Lair:6)
  A mana viper (Snake:2)
  The ghost of Charly the Covert, a novice SpEn (Lair:6)
  A guardian serpent (Snake:2)
  5 rime drakes (Lair:6)
  5 steam dragons (Lair:6)
  A warg (Snake:3)
  A hungry ghost (D:12)
  2 nagas (Snake:2)
  2 water moccasins
  An orc warrior (D:11)
  A bullfrog (Lair:1)
  2 jellies (Lair:6)
  An orc wizard (Snake:3)
33 creatures vanquished.

Vanquished Creatures (others)
  A titan (Vaults:5)
  An azure jelly (Swamp:4)
  A blizzard demon (Depths:4)
  A yaktaur captain (Vaults:5)
  An ice dragon (Depths:1)
  A centaur warrior (Depths:1)
  2 dancing weapons (Depths:4)
  A deep elf knight (Vaults:1)
  A moth of wrath (Zot:5)
  5 yaktaurs
  A slime creature (Slime:2)
  A water elemental (Depths:4)
  A spriggan (Depths:5)
  A yak (Lair:6)
  2 swamp worms (Swamp:4)
  An ice beast (shapeshifter) (Vaults:5)
  6 centaurs
  A boggart (Vaults:3)
  An orc wizard (Orc:2)
  2 gnolls (D:6)
  12 ball lightnings (Depths:4)
  5 fungi
  17 plants
  5 toadstools (Lair:2)
71 creatures vanquished.

Grand Total: 2363 creatures vanquished

Notes
Turn   | Place    | Note
-------+----------+-------------------------------------------
     0 | D:1      | kuniqs the Vine Stalker Berserker began the quest for the Orb.
     0 | D:1      | Reached XP level 1. HP: 11/11 MP: 2/2
   266 | D:1      | Reached XP level 2. HP: 13/16 MP: 3/3
   812 | D:2      | Reached XP level 3. HP: 20/20 MP: 4/4
  1307 | D:2      | Reached ** piety under Trog
  1537 | D:3      | Gained mutation: Your natural rate of healing is unusually fast. [Vine Stalker growth]
  1537 | D:3      | Reached XP level 4. HP: 14/24 MP: 5/5
  2067 | D:3      | Found a faded altar of an unknown god.
  2069 | D:3      | Noticed p0werm0de's ghost (weakling DsWz)
  2104 | D:3      | Killed p0werm0de's ghost
  2347 | D:4      | Noticed an ogre
  2348 | D:4      | Noticed a phantom
  2352 | D:4      | Killed an ogre
  2352 | D:4      | Reached skill level 1 in Shields
  2352 | D:4      | Reached XP level 5. HP: 29/29 MP: 6/6
  2362 | D:4      | Killed a phantom
  2362 | D:4      | Reached XP level 6. HP: 33/33 MP: 7/7
  2441 | D:4      | Noticed Ijyb
  2451 | D:4      | Killed Ijyb
  2738 | D:4      | Noticed Edmund
  2753 | D:4      | Killed Edmund
  2826 | D:4      | Identified the +3 leather armour "Hofobe" {Dex+4} (You found it on level 4 of the Dungeon)
  3046 | D:4      | Reached XP level 7. HP: 37/37 MP: 8/8
  3352 | D:5      | Entered Level 5 of the Dungeon
  3354 | D:5      | Noticed Duvessa
  3355 | D:5      | Noticed Eustachio
  3356 | D:5      | Noticed Dowan
  3367 | D:5      | Killed Duvessa
  3421 | D:4      | Killed Eustachio
  3478 | D:5      | Killed Dowan
  3846 | D:5      | Noticed Prince Ribbit
  3867 | D:5      | Killed Prince Ribbit
  3867 | D:5      | Gained mutation: You have razor-sharp teeth. [Vine Stalker growth]
  3867 | D:5      | Reached XP level 8. HP: 42/42 MP: 9/9
  3927 | D:5      | Reached skill level 5 in Fighting
  4134 | D:5      | Found a hazy altar of Hepliaklqana.
  4480 | D:6      | Noticed Pikel
  4536 | D:6      | Killed Pikel
  4536 | D:6      | Reached skill level 5 in Short Blades
  4536 | D:6      | Reached XP level 9. HP: 47/47 MP: 10/10
  4592 | D:6      | Reached *** piety under Trog
  4669 | D:6      | Found a staircase to the Ecumenical Temple.
  4677 | Temple   | Entered the Ecumenical Temple
  5139 | D:7      | Found an ornate altar of the Wu Jian Council.
  5716 | D:8      | Reached skill level 5 in Armour
  5723 | D:8      | Reached skill level 5 in Dodging
  5802 | D:8      | Found a hide-covered altar of Uskayaw.
  5888 | D:8      | Found a blossoming altar of Fedhas.
  6060 | D:8      | Reached **** piety under Trog
  6253 | D:8      | Found a snail-covered altar of Cheibriados.
  6253 | D:8      | Found a bloodstained altar of Trog.
  6466 | D:9      | Found a stormy altar of Qazlal.
  6467 | D:9      | Found an iron altar of Okawaru.
  6564 | D:9      | Reached skill level 5 in Shields
  6564 | D:9      | Reached XP level 10. HP: 52/53 MP: 11/11
  6774 | D:9      | Found an iron altar of Okawaru.
  6864 | D:9      | Found a staircase to the Lair.
  7052 | D:9      | Reached ***** piety under Trog
  7165 | D:9      | Found a sparkling altar of Nemelex Xobeh.
  7174 | D:9      | Noticed a two-headed ogre
  7179 | D:9      | Killed a two-headed ogre
  7292 | D:9      | Received a gift from Trog
  7488 | D:10     | Entered Level 10 of the Dungeon
  7570 | D:10     | Noticed a purple ugly thing
  7589 | D:10     | Killed a purple ugly thing
  7609 | D:10     | Reached XP level 11. HP: 52/58 MP: 12/12
  7720 | D:10     | Identified the +2 war axe of Meismu Adoc {drain, rC+ Str+3} (You found it on level 10 of the Dungeon)
  8177 | D:11     | Noticed Nergalle
  8177 | D:11     | Noticed a manticore
  8186 | D:10     | Killed a manticore
  8236 | D:11     | Killed Nergalle
  8407 | D:11     | Noticed Grum
  8436 | D:11     | Killed Grum
  8478 | D:11     | Killed an unseen horror
  8665 | D:11     | Noticed a death knight
  8683 | D:11     | Killed a death knight
  8748 | D:11     | Noticed Gastronok
  8771 | D:11     | Killed Gastronok
  8829 | D:11     | Found a staircase to the Orcish Mines.
  8845 | D:11     | Received a gift from Trog
  8855 | D:11     | Gained mutation: You heal very quickly. [Vine Stalker growth]
  8855 | D:11     | Reached XP level 12. HP: 65/65 MP: 13/13
  9572 | D:12     | Noticed Snorg
  9612 | D:12     | Killed Snorg
  9715 | D:12     | Found a basalt altar of Yredelemnul.
 10751 | D:13     | Noticed a centaur warrior
 10769 | D:13     | Killed a centaur warrior
 10795 | D:13     | Noticed an ogre mage
 10879 | D:13     | Noticed a two-headed ogre
 10916 | D:13     | Reached XP level 13. HP: 71/72 MP: 14/14
 10956 | D:13     | Found an opulent altar of Gozag.
 11015 | D:13     | Reached skill level 10 in Fighting
 11200 | D:13     | Found a gate to the Vaults.
 11753 | Lair:1   | Entered Level 1 of the Lair of Beasts
 12059 | Lair:1   | Noticed Sonja
 12070 | Lair:1   | Killed Sonja
 12198 | Lair:1   | Found a basalt altar of Yredelemnul.
 12199 | Lair:1   | Noticed Fannar
 12209 | Lair:1   | Killed Fannar
 12810 | Lair:2   | Found a runed door.
 12948 | Lair:2   | Found a staircase to the Swamp.
 13840 | Lair:2   | Noticed a dire elephant
 13879 | Lair:2   | Killed a dire elephant
 14329 | Lair:3   | Reached XP level 14. HP: 77/77 MP: 15/15
 14473 | Lair:3   | Received a gift from Trog
 14473 | Lair:3   | Reached skill level 10 in Shields
 14494 | Lair:3   | Reached skill level 10 in Armour
 14958 | Lair:3   | Reached skill level 10 in Dodging
 15391 | Lair:4   | Found a staircase to the Snake Pit.
 15504 | Lair:4   | Identified the +4 short sword of Rookur {pierce, *Corrode +Fly rPois rC++ Dex+4} (You found it on level 4 of the Lair of Beasts)
 15984 | Lair:5   | You fall through a shaft!
 15984 | Lair:6   | Entered Level 6 of the Lair of Beasts
 16074 | Lair:6   | Found a staircase to the Slime Pits.
 16462 | Lair:6   | Noticed Charly's ghost (novice SpEn)
 16473 | Lair:6   | Killed Charly's ghost
 16601 | Lair:6   | Identified 3 scrolls of acquirement
 16780 | Lair:6   | Got a twitching wooden ring
 16781 | Lair:6   | Identified the ring of the Secret Beds {Dex+3 Slay+3} (You acquired it on level 6 of the Lair of Beasts)
 16953 | Lair:6   | Received a gift from Trog
 17169 | Lair:6   | Reached XP level 15. HP: 84/84 MP: 16/16
 17949 | Orc:1    | Entered Level 1 of the Orcish Mines
 17951 | Orc:1    | Found Gutapri's Antique Armour Shop.
 17962 | Orc:1    | Bought a large shield for 189 gold pieces
 17981 | Orc:1    | Found a roughly hewn altar of Beogh.
 18044 | Orc:1    | Found Sawk's Antique Armour Boutique.
 18058 | Orc:1    | Noticed an orc warlord
 18063 | Orc:1    | Found Epist's Antique Weapon Shop.
 18138 | D:11     | Killed an orc warlord
 18178 | Orc:1    | Bought a dazzling rapier for 225 gold pieces
 18178 | Orc:1    | Identified the +9 rapier of Dung {elec, rElec rC++} (You bought it in a shop on level 1 of the Orcish Mines)
 19657 | Orc:2    | Entered Level 2 of the Orcish Mines
 19657 | Orc:2    | Found a staircase to the Elven Halls.
 19802 | Orc:2    | Noticed Maurice
 19813 | Orc:2    | Killed Maurice
 19889 | Orc:2    | Noticed Azrael
 19897 | Orc:2    | Killed Azrael
 19932 | Orc:2    | Received a gift from Trog
 20090 | Orc:2    | Noticed an orc warlord
 20109 | Orc:2    | Killed an orc warlord
 20339 | Orc:2    | Received a gift from Trog
 20377 | Orc:2    | Found Doinaome's General Store.
 20378 | Orc:2    | Found Datwaph's Jewellery Shop.
 20380 | Orc:2    | Found Ruongaes's Antique Armour Shop.
 20380 | Orc:2    | Found Jemifriq's Antique Weapon Boutique.
 20404 | Orc:2    | Bought a pair of bloodstained gloves for 313 gold pieces
 20404 | Orc:2    | Identified the +0 pair of gloves of Submission {rN+++ Regen+ Str+2 Stlth-} (You bought it in a shop on level 2 of the Orcish Mines)
 20433 | Orc:2    | Bought an ichor-stained rapier for 360 gold pieces
 20434 | Orc:2    | Identified the +10 rapier of Welyplest {venom, MP+9} (You bought it in a shop on level 2 of the Orcish Mines)
 20744 | Orc:1    | Bought a shiny helmet for 315 gold pieces
 21294 | D:14     | Found a shadowy altar of Dithmenos.
 21654 | D:15     | Entered Level 15 of the Dungeon
 21917 | D:15     | Reached XP level 16. HP: 85/90 MP: 17/17
 21918 | D:15     | Found a staircase to the Depths.
 22032 | D:15     | Reached ****** piety under Trog
 22045 | D:15     | Received a gift from Trog
 22510 | Orc:2    | Bought an uncursed ring of poison resistance for 260 gold pieces
 22725 | Swamp:1  | Entered Level 1 of the Swamp
 23087 | Swamp:1  | Paralysed by a hornet for 1 turns
 23824 | Swamp:2  | Noticed Roxanne
 23842 | Swamp:2  | Killed Roxanne
 23842 | Swamp:2  | Reached skill level 10 in Short Blades
 24045 | Swamp:3  | Received a gift from Trog
 24105 | Swamp:3  | Found a white marble altar of Elyvilon.
 24145 | Swamp:3  | Noticed Aizul
 24173 | Swamp:3  | Killed Aizul
 24610 | Swamp:4  | Entered Level 4 of the Swamp
 24651 | Swamp:4  | Noticed a thorn hunter
 24663 | Swamp:4  | Killed a thorn hunter
 24725 | Swamp:4  | Noticed a thorn hunter
 24758 | Swamp:4  | Killed a thorn hunter
 24811 | Swamp:4  | Reached XP level 17. HP: 88/95 MP: 18/18
 25255 | Swamp:4  | Received a gift from Trog
 25351 | Swamp:4  | Got a decaying rune of Zot
 25590 | Snake:1  | Entered Level 1 of the Snake Pit
 25678 | Snake:1  | Found Uruyriwkoi's Distillery.
 26982 | Snake:2  | Found a shattered altar of Ashenzari.
 27785 | Snake:3  | Found a shattered altar of Ashenzari.
 27929 | Snake:3  | Noticed Saint Roka
 27959 | Snake:3  | Killed Saint Roka
 28002 | Snake:3  | Reached XP level 18. HP: 88/101 MP: 16/19
 28079 | Snake:3  | Received a gift from Trog
 28525 | Snake:4  | Entered Level 4 of the Snake Pit
 28525 | Snake:4  | Noticed Asterion
 28720 | Snake:4  | Killed Asterion
 28727 | Snake:4  | Noticed Vashnia
 28894 | Snake:4  | Found Peadajog's Weapon Shop.
 29146 | Snake:4  | Killed Vashnia
 29370 | Snake:4  | Received a gift from Trog
 29737 | Snake:4  | Got a serpentine rune of Zot
 29772 | Snake:4  | Received a gift from Trog
 30111 | Snake:4  | Fell from the grace of Trog
 30321 | D:8      | Became a worshipper of Uskayaw the Reveler
 30438 | Vaults:1 | Entered Level 1 of the Vaults
 30448 | Vaults:1 | Reached * piety under Uskayaw
 30450 | Vaults:1 | Reached ** piety under Uskayaw
 30453 | Vaults:1 | Reached *** piety under Uskayaw
 30454 | Vaults:1 | Reached XP level 19. HP: 107/107 MP: 20/20
 30454 | Vaults:1 | Reached **** piety under Uskayaw
 30481 | Vaults:1 | Reached skill level 1 in Invocations
 30487 | Vaults:1 | Reached ***** piety under Uskayaw
 30495 | Vaults:1 | Reached ****** piety under Uskayaw
 30498 | Vaults:1 | Reached skill level 1 in Stealth
 30507 | Vaults:1 | Identified the Handbook of the Entourage
 30545 | Vaults:1 | Reached skill level 2 in Invocations
 30897 | Vaults:1 | Reached skill level 3 in Invocations
 31555 | Vaults:1 | Reached skill level 4 in Invocations
 31580 | Vaults:1 | Reached skill level 5 in Stealth
 31719 | Vaults:1 | Reached skill level 5 in Invocations
 31963 | Vaults:1 | Paralysed by Trog for 3 turns
 32457 | Vaults:1 | Reached skill level 6 in Invocations
 32467 | Vaults:1 | Identified the Papyrus of the Blaze
 33243 | Vaults:1 | Identified Nateon's Volume of Displacement
 34157 | Vaults:1 | Reached skill level 7 in Invocations
 34250 | Vaults:1 | Identified the Grimoire of Toxins
 34472 | Vaults:1 | Noticed a bone dragon
 34511 | Vaults:1 | Killed a bone dragon
 34553 | Vaults:1 | Reached skill level 8 in Invocations
 34561 | Vaults:1 | Reached XP level 20. HP: 96/112 MP: 27/27
 34569 | Vaults:1 | Identified the Collected Works on Necromancy
 34969 | Vaults:1 | Reached skill level 10 in Stealth
 35919 | Vaults:2 | Found a staircase to the Crypt.
 36029 | Vaults:2 | Reached skill level 9 in Invocations
 36543 | Vaults:2 | Paralysed by Trog for 2 turns
 36943 | Vaults:3 | Reached skill level 10 in Invocations
 37889 | Vaults:3 | Reached skill level 11 in Invocations
 38218 | Vaults:3 | Reached XP level 21. HP: 115/116 MP: 30/30
 38228 | Vaults:3 | Reached skill level 12 in Invocations
 39437 | Vaults:4 | Reached skill level 13 in Invocations
 39918 | Vaults:4 | Reached skill level 14 in Invocations
 40460 | Vaults:4 | Reached skill level 15 in Invocations
 40830 | Vaults:4 | Was forgiven by Trog
 41231 | Slime:1  | Entered Level 1 of the Pits of Slime
 41274 | Slime:1  | Gained mutation: You are weak. (Str -2) [a shining eye]
 41399 | Slime:2  | Reached skill level 16 in Invocations
 41552 | Slime:5  | Entered Level 5 of the Pits of Slime
 41571 | Slime:5  | Reached XP level 22. HP: 120/121 MP: 35/35
 41577 | Slime:5  | Noticed the Royal Jelly
 41581 | Slime:5  | Found a viscous altar of Jiyva.
 41590 | Slime:5  | Killed the Royal Jelly
 41642 | Slime:5  | Reached skill level 17 in Invocations
 41736 | Slime:5  | Got a slimy rune of Zot
 41792 | Slime:5  | Identified the Grimoire of Displaced Stolen Souls
 41807 | Slime:5  | Identified the +6 plate armour "Hogazes" {-Cast rF- rN++ Dex+3} (You found it on level 5 of the Pits of Slime)
 42204 | Vaults:5 | Entered Level 5 of the Vaults
 42208 | Vaults:5 | Noticed a golden dragon
 42288 | Vaults:5 | Noticed a golden dragon
 42309 | Vaults:5 | Killed a golden dragon
 42315 | Vaults:5 | Reached skill level 18 in Invocations
 42445 | Vaults:5 | Reached skill level 19 in Invocations
 42486 | Vaults:5 | Noticed a golden dragon
 42552 | Vaults:5 | Reached XP level 23. HP: 110/125 MP: 37/37
 42581 | Vaults:5 | Killed a golden dragon
 42712 | Vaults:5 | Reached skill level 20 in Invocations
 42938 | Vaults:5 | Killed a golden dragon
 43015 | Vaults:5 | Got a silver rune of Zot
 43190 | Vaults:5 | Reached skill level 21 in Invocations
 43291 | Vaults:5 | Identified the +1 troll leather armour of the Seven Tales {rPois Regen+} (You found it on level 5 of the Vaults)
 44134 | Depths:1 | Entered Level 1 of the Depths
 44138 | Depths:1 | Identified the +2 pair of boots of Coto {Dex+2} (You found it on level 1 of the Depths)
 44511 | Depths:1 | Noticed Nikola
 44522 | Depths:1 | Killed Nikola
 44523 | Depths:1 | Reached skill level 22 in Invocations
 44607 | Depths:1 | Found a gateway to Hell.
 44642 | Depths:1 | Noticed Bai Suzhen
 44648 | Depths:1 | Killed Bai Suzhen
 44648 | Depths:1 | Reached XP level 24. HP: 130/130 MP: 39/39
 45217 | Depths:2 | Reached skill level 23 in Invocations
 45349 | Depths:2 | Identified the +3 ring mail of Neran {+Fly} (You took it off a spriggan on level 2 of the Depths)
 45701 | Depths:2 | Found a one-way gate to the infinite horrors of the Abyss.
 45714 | Depths:2 | Noticed a juggernaut
 45714 | Depths:2 | Reached skill level 24 in Invocations
 45717 | Depths:2 | a juggernaut changed into a golden dragon
 45736 | Depths:2 | Noticed a caustic shrike
 45736 | Depths:2 | an acid blob changed into a caustic shrike
 45740 | Depths:2 | Killed a caustic shrike
 46137 | Depths:2 | Reached XP level 25. HP: 134/134 MP: 40/40
 46443 | Depths:3 | Found a one-way gate leading to the halls of Pandemonium.
 46715 | Depths:3 | Identified the +4 chain mail of Ywaenn {rF+ Int+4} (You found it on level 3 of the Depths)
 46778 | Depths:3 | Identified the scarf of the Barber Surgeon {rPois rC+ Int-5} (You found it on level 3 of the Depths)
 46871 | Depths:3 | Lost mutation: You are weak. (Str -2) [potion of mutation]
 46871 | Depths:3 | Gained mutation: You are weak. (Str -2) [potion of mutation]
 46871 | Depths:3 | Gained mutation: You are agile. (Dex +2) [potion of mutation]
 47966 | Depths:4 | Reached skill level 15 in Fighting
 48003 | Depths:4 | Noticed Mara
 48005 | Depths:4 | Noticed Frederick
 48017 | Depths:4 | Killed Mara
 48026 | Depths:4 | Killed Frederick
 48070 | Depths:4 | Lost mutation: You are weak. (Str -2) [potion of mutation]
 48070 | Depths:4 | Lost mutation: You are agile. (Dex +2) [potion of mutation]
 48070 | Depths:4 | Gained mutation: You can translocate small distances at will. [potion of mutation]
 48070 | Depths:4 | Gained mutation: You are resistant to hostile enchantments. (MR+) [potion of mutation]
 48070 | Depths:4 | Gained mutation: You are partially covered in slimy green scales. (AC +2) [potion of mutation]
 48204 | Depths:5 | Entered Level 5 of the Depths
 48227 | Depths:5 | Reached XP level 26. HP: 141/141 MP: 40/40
 48277 | Depths:5 | Found Unas's Magic Scroll Emporium.
 48286 | Depths:5 | Bought a scroll of enchant armour for 97 gold pieces
 48286 | Depths:5 | Bought a scroll of teleportation for 39 gold pieces
 48286 | Depths:5 | Bought a scroll of teleportation for 39 gold pieces
 48286 | Depths:5 | Bought a scroll of teleportation for 39 gold pieces
 48286 | Depths:5 | Bought a scroll of teleportation for 39 gold pieces
 48468 | Depths:5 | Found a gateway to a ziggurat.
 48500 | Depths:5 | Identified the +3 helmet of Experimentation {Regen+} (You found it on level 5 of the Depths)
 48533 | Zig:1    | Entered Level 1 of a ziggurat
 48559 | Zig:2    | Entered Level 2 of a ziggurat
 48584 | Zig:3    | Entered Level 3 of a ziggurat
 48613 | Zig:4    | Entered Level 4 of a ziggurat
 48657 | Zig:5    | Entered Level 5 of a ziggurat
 48697 | Zig:6    | Entered Level 6 of a ziggurat
 48717 | Zig:7    | Entered Level 7 of a ziggurat
 48732 | Zig:7    | Noticed a greater mummy
 49002 | Depths:5 | Noticed Margery
 49009 | Depths:5 | Killed Margery
 49009 | Depths:5 | Reached skill level 15 in Shields
 49048 | Depths:5 | Killed a greater mummy
 49318 | Depths:5 | Found a gate to the Realm of Zot.
 49361 | Zot:1    | Entered Level 1 of the Realm of Zot
 49561 | Zot:5    | Entered Level 5 of the Realm of Zot
 49945 | Zot:5    | Reached skill level 15 in Armour
 50013 | Zot:5    | Reached XP level 27. HP: 147/147 MP: 40/40
 50026 | Zot:5    | Reached skill level 15 in Dodging
 50120 | Zot:5    | Noticed an ancient lich
 50145 | Zot:5    | Killed an ancient lich
 50155 | Zot:5    | Noticed an orb of fire
 50167 | Zot:5    | Noticed an ancient lich
 50183 | Zot:5    | Gained mutation: You occasionally shout uncontrollably at your foes. [an orb of fire]
 50186 | Zot:5    | Gained mutation: You are highly resistant to hostile enchantments. (MR++) [an orb of fire]
 50188 | Zot:5    | Killed an ancient lich
 50197 | Zot:5    | Gained mutation: You are dopey. (Int -2) [an orb of fire]
 50199 | Zot:5    | Killed an orb of fire
 50210 | Zot:5    | Noticed an orb of fire
 50212 | Zot:5    | Gained mutation: You possess an exceptional clarity of mind. [an orb of fire]
 50216 | Zot:5    | Noticed an orb of fire
 50217 | Zot:5    | STOP
 50226 | Zot:5    | Killed an orb of fire
 50227 | Zot:5    | Killed an orb of fire
 50359 | Zot:5    | Got the Orb of Zot
 50667 | Depths:1 | Gained mutation: Your body sometimes deteriorates upon taking damage. [a neqoxec]
 50743 | D:13     | Noticed Zuseroj the pandemonium lord
 50869 | D:6      | Noticed Hamaoh the pandemonium lord
 50883 | D:6      | Killed Hamaoh the pandemonium lord
 51012 | D:$      | Escaped with the Orb!

Vault maps used:
D:1:      minmay_arrival_plants_in_alcoves
D:3:      chequers_ecumenical_altar_island, first_bread
D:4:      uniq_ijyb, uniq_edmund
D:5:      lemuel_crystal_altar, serial_park_tiny_2, uniq_duvessa,
          uniq_prince_ribbit1, uniq_eustachio
D:6:      minmay_temple_entry_overgrown, uniq_pikel
D:7:      lemuel_round_altar
D:8:      gammafunk_temple_overflow_elements, old_standard_altar,
          overflow_temple_1_default, grunt_ogre_cave
D:9:      gammafunk_temple_overflow_statue, old_standard_altar,
          grunt_lair_entry_orc_guard_hut, serial_undead, serial_undead_e,
          serial_undead_c, serial_undead_c, serial_undead_c, serial_undead_b,
          serial_undead_b, okawaru_metal_pillars_1_2
D:11:     zombieorc1_lemuel, uniq_grum, uniq_nergalle, uniq_gastronok
D:12:     basic_altar, uniq_snorg
D:13:     hangedman_vaults_entry_quadrant_bands, special_room, serial_ice,
          serial_ice_a, serial_ice_l, serial_ice_m, serial_ice_g,
          lemuel_centaur_altar
D:14:     grunt_dithmenos_smoke_and_mirrors, minmay_beelzebubs_servants
D:15:     grunt_enter_depths_hoard
Temple:   nicolae_temple_god_jail
Lair:1:   basic_altar, lemuel_fruit_tree, infiniplex_staircase_pool, uniq_sonja,
          uniq_fannar
Lair:2:   gammafunk_lair_enchanted_lake, minmay_swamp_entry_worms, worms_lemuel
Lair:3:   grunt_megastairs_5
Lair:4:   minmay_snake_entry_six_corridors
Lair:5:   grunt_megastairs_3
Lair:6:   evilmike_catoblepas_cave, nicolae_slime_entry_slimehenge,
          bobbens_dragon_lair_wall, grunt_megastairs_1
Swamp:1:  evilmike_swamp_ruin_house_5, swamp_pool1, roderic_carrion_pond
Swamp:2:  evilmike_swamp_ruin_rubble_2, infiniplex_staircase_pool_2,
          uniq_roxanne
Swamp:3:  basic_altar, swamp_pool4, uniq_aizul
Swamp:4:  swamp_icy, swamp_pool1
Snake:1:  serial_shops, nicolae_shop_competitors_out_of_business, library_closet
Snake:2:  basic_altar, serial_bayou_shore_a
Snake:3:  basic_altar, uniq_saint_roka
Snake:4:  snake_pit, serial_shops, nicolae_shop_competitors_out_of_business,
          uniq_asterion, uniq_vashnia
Slime:1:  cheibrodos_slime_lost_civilization_6
Slime:3:  uniq_dissolution
Orc:1:    basic_altar, serial_shops, shop, shop, shop
Orc:2:    st_orc_congregation, uniq_azrael, uniq_maurice
Vaults:1: ontoclasm_vaults_ligature, v_misc_27, hangedman_vaults_slice,
          ontoclasm_vaults_spin, hangedman_vaults_stream,
          nicolae_vaults_twisting_passages, grunt_vaults_funnel,
          grunt_vaults_focal, serial_hangedman_research,
          hangedman_research_toxicology, hangedman_research_quantum,
          hangedman_research_pyrotechnics, hangedman_research_convocations,
          hangedman_research_thanatology
Vaults:2: v_pattern_4, minmay_crypt_entry_simple_sparse, v_misc_18,
          ontoclasm_vaults_claustrophobia, ontoclasm_vaults_gateway
Vaults:3: dpeg_vaults_monster_row, v_misc_25, ontoclasm_vaults_decontamination,
          v_misc_10, nicolae_vaults_network_s, nicolae_vaults_shelves_hall,
          nicolae_vaults_border_crossing, v_misc_27,
          nicolae_vaults_network_square, vaults_mumra_chevron,
          vaults_room_guarded_vault, nicolae_vaults_theta
Vaults:4: nicolae_vaults_octagons, nicolae_vaults_windows_and_doors_thing,
          nicolae_vaults_little_squares_2, nicolae_vaults_ninety_degrees,
          ontoclasm_vaults_idyll, v_pattern_3, nicolae_vaults_little_squares_2,
          grunt_vaults_hallway_long, v_misc_2, grunt_vaults_trifunnel,
          vaults_room_pool, nicolae_vaults_gold_heap
Vaults:5: serial_shops
Depths:1: grunt_mini_vestibule, minmay_misc_feat_encased, special_room,
          marbit_kobold_abyss_entry, serial_bayou_lake_a, uniq_bai_suzhen,
          uniq_sojobo, uniq_nikola
Depths:2: grunt_crosshair, hangedman_decor_points, abyss_entry,
          grunt_hell_entry_dis_mu, minmay_holes,
          infiniplex_staircase_split_hallway
Depths:3: minmay_the_grid_four_pointed_star_mashed,
          minmay_staircase_windowed_large, hangedman_abyss_entry_splay,
          pf_hell_entry_tar_river, rand_demon_pan_entry_3
Depths:4: radiant_caverns_a_rkd, hell_entry, abyss_entry, uniq_mara,
          uniq_frederick
Depths:5: grunt_zot_entry_hairpin, enter_ziggurat_b, serial_sigils,
          serial_sigils_hangedman_confine, serial_sigils_hangedman_leer,
          serial_sigils_hangedman_etch, serial_sigils_hangedman_snap,
          serial_sigils_hangedman_quiver, serial_shops, shop, pf_coc_iceberg,
          uniq_margery
Zot:1:    gammafunk_sealed_library, grunt_ministairs_9
Zot:2:    kennysheep_ambush_hall
Zot:5:    basic_stair_grate_trap
Zig:5:    ziggurat_pillar_centre_c
Zig:6:    ziggurat_pillar_centre_oklobs

Skill      XL: |  1  2  3  4  5  6  7  8  9 10 11 12 13 14 15 16 17 18 19 20 21 22 23 24 25 26 27 |
---------------+----------------------------------------------------------------------------------+-----
Fighting       | 3 4 5 6 7 8 9 10 11 12 13 14 15 16 17 | 17.2
Armour         | 2 3 4 5 6 7 8 9 10 11 12 13 14 15 16 | 16.0
Short Blades   | 3 4 5 6 7 8 9 10 12 13 14 | 14.0
Dodging        | 2 3 4 5 6 7 8 9 10 11 12 13 14 15 | 15.9
Shields        | 1 2 3 4 5 6 7 8 9 10 11 12 13 14 15 16 | 16.8
Invocations    | 8 11 16 19 22 24 | 24.7
Stealth        | 9 14 | 14.0

Action                   |  1- 3 |  4- 6 |  7- 9 | 10-12 | 13-15 | 16-18 | 19-21 | 22-24 | 25-27 || total
-------------------------+-------+-------+-------+-------+-------+-------+-------+-------+-------++-------
Melee: Short sword       |   124 |    77 |   237 |    30 |   590 |       |       |       |       ||  1058
       Bite              |    34 |    28 |   143 |   445 |   786 |   707 |   843 |   576 |   688 ||  4250
       Dagger            |       |       |    97 |  1003 |       |       |       |       |       ||  1100
       Rapier            |       |       |       |     4 |   902 |  1308 |  1481 |  1048 |  1146 ||  5889
Throw: Throwing net      |       |       |       |       |       |       |       |       |     1 ||     1
Invok: Berserk           |       |     3 |     5 |    18 |    13 |     2 |       |       |       ||    41
       Trog's Hand       |       |     1 |       |     1 |     1 |       |       |       |       ||     3
       Burn Spellbooks   |       |       |     1 |     1 |       |     3 |       |       |       ||     5
       Brothers in Arms  |       |       |       |     4 |     7 |     5 |       |       |       ||    16
       Renounce Religion |       |       |       |       |       |     1 |       |       |       ||     1
       Grand Finale      |       |       |       |       |       |       |     1 |     1 |     4 ||     6
       Line Pass         |       |       |       |       |       |       |       |     7 |     4 ||    11
Evoke: Wand              |       |     2 |    15 |     8 |     8 |    34 |    13 |     1 |    18 ||    99
       Box of beasts     |       |       |       |       |       |       |       |       |     1 ||     1
  Use: Scroll            |     1 |     4 |     6 |    13 |    13 |    18 |    14 |    13 |    13 ||    95
       Potion            |       |     4 |     3 |     1 |     1 |     1 |       |     2 |    10 ||    22
 Stab: Confused          |       |       |     1 |       |       |     3 |       |     2 |     1 ||     7
       Distracted        |       |       |     1 |     1 |     1 |       |    12 |     6 |    10 ||    31
       Sleeping          |       |       |       |     3 |     4 |       |    29 |    12 |     9 ||    57
       Paralysed         |       |       |       |       |     1 |     5 |    89 |   107 |   104 ||   306
       Petrified         |       |       |       |       |     1 |       |       |       |       ||     1
       Held in net/web   |       |       |       |       |       |       |       |       |     1 ||     1
  Eat: Chunk             |     2 |     8 |    11 |    35 |    52 |    27 |    25 |     8 |     9 ||   177
       Bread ration      |       |       |     1 |       |       |       |       |       |       ||     1
       Royal jelly       |       |       |       |     1 |       |       |     8 |     1 |     1 ||    11
       Fruit             |       |       |       |       |     1 |     7 |       |     5 |     1 ||    14
       Meat ration       |       |       |       |       |       |       |       |       |     2 ||     2
Armor: Ring mail         |    34 |    28 |    78 |   212 |   211 |       |       |       |       ||   563
       Animal skin       |     3 |       |       |       |       |       |       |       |       ||     3
       Skin              |       |       |       |    40 |       |       |       |       |       ||    40
       Fire dragon scale |       |       |       |       |    63 |   229 |   254 |   175 |   144 ||   865
Dodge: Dodged            |    54 |    37 |   173 |   457 |   685 |   430 |   468 |   270 |   280 ||  2854
       Deflected         |       |       |       |       |    11 |    60 |    16 |    25 |    26 ||   138
Block: Buckler           |     3 |     8 |    64 |   218 |   258 |       |       |       |       ||   551
       Large shield      |       |       |       |       |   461 |  1046 |  1034 |   919 |   884 ||  4344
       Reflection        |       |       |       |       |    37 |    44 |       |    56 |    18 ||   155
